AoeStats
← seangame151

Arena

510152872Analyzed
2v2 RM · 2d ago on Sep 29, 2026· 16m 45s· 4 players
Game mode
Random Map
Map size
Medium (4 player)
Population
200
Speed
Normal
Resources
Standard
Victory
Conquest
Starting age
Dark Age
Ending age
Imperial Age
RankedLock teamsTeams togetherTeam positionsShared explorationLock speedFull tech treeHidden civsTurbo modeCheats
Victory
Defeat
🇩🇪 Celts · Germany
1299
+17
🇩🇪 Bengalis · Germany
1298
+17
🇷🇺 Danes · Russia
1313
-17
🇺🇸 Poles · United States
1312
-17
Hello team
11:18 Feudal Age
15:04 Castle Age
13:10 Double-Bit Axe
13:29 Horse Collar
abracula
10:44 Feudal Age
12:41 Double-Bit Axe
15:11 Castle Age
15:30 Bloodlines
16:00 Forging
privalovivan99
10:31 Feudal Age
8:51 Loom
14:21 Castle Age
seangame151
10:03 Feudal Age
10:56 Double-Bit Axe
14:27 Castle Age
14:33 Castle Age
12:43 Horse Collar
14:17 Loom
15:24 Bow Saw
Connection lost

Rejoining the realm…

Still unreachable

The connection could not be restored.

Session expired

The server has moved on; the page needs a fresh start.